 Dungeon Sprint DCSS version 0.26-a0-682-g294304f6e8 (webtiles) character file.

Game seed: 10497925466307829841

1616 mhtbhm the Carver (level 8, 0/90 HPs)
             Began as a Minotaur Fighter on Oct 20, 2020.
             Was an Elder of Makhleb.
             Slain by a 12-headed hydra (2 damage)
             ... in the Dungeon (Sprint IX: "|||||||||||||||||||||||||||||").
             The game lasted 00:01:34 (605 turns).

mhtbhm the Carver (Minotaur Fighter)                 Turns: 605, Time: 00:01:34

Health: 0/90       AC: 18    Str: 23    XL:     8   Next: 64%
Magic:  7/7        EV:  9    Int:  5    God:    Makhleb [****..]
Gold:   0          SH: 12    Dex: 10    Spells: 7/7 levels left

rFire    . . .     SeeInvis .   a - +2 scimitar (holy)
rCold    . . .     Faith    .   c - +0 kite shield
rNeg     . . .     Spirit   .   b - +1 chain mail
rPois    .         Reflect  .   (helmet unavailable)
rElec    .         Harm     .   q - +0 cloak
rCorr    .         Rampage  .   (no gloves)
MR       .....     NoTele   +   (no boots)
Stlth    ..........             (no amulet)
HPRegen  0.25/turn              o - +2 ring of protection
MPRegen  0.10/turn              p - +2 ring of protection

@: lethally poisoned (0 -> -2)
A: retaliatory headbutt, horns 3, robust 1
a: Minor Destruction, Lesser Servant of Makhleb, Major Destruction, Renounce
Religion


You were in the Dungeon.
You worshipped Makhleb.
Makhleb was greatly pleased with you.
You visited 1 branch

Inventory:

Hand Weapons
 a - a +2 scimitar of holy wrath (weapon)
Armour
 b - a +1 chain mail (worn)
 c - a +0 kite shield (worn)
 q - a +0 cloak (worn)
Jewellery
 o - a +2 ring of protection (left hand)
 p - a +2 ring of protection (right hand)
 t - an uncursed ring of protection from fire
Wands
 n - a wand of acid (8)
Scrolls
 j - 2 scrolls of blinking
 l - 3 scrolls of remove curse
 m - 2 scrolls of amnesia
 u - 2 scrolls of fog
 v - 6 scrolls of enchant armour
Potions
 d - a potion of might
 e - 5 potions of curing
 f - a potion of invisibility
 g - a potion of haste
 h - 5 potions of magic
 i - 2 potions of berserk rage
 k - 3 potions of heal wounds
 r - 2 potions of stabbing


   Skills:
 + Level 11.0 Fighting
 + Level 13.2 Long Blades
 + Level 11.1 Armour
 + Level 3.5 Dodging
 + Level 0.2 Stealth
 + Level 11.4 Shields
 + Level 0.3 Evocations


You had 7 spell levels left.
You didn't know any spells.
Your spell library was empty.

Dungeon Overview and Level Annotations

Branches:
Dungeon (1/1)

Altars:
Cheibriados
Dithmenos
Elyvilon
Fedhas
Gozag
Hepliaklqana
Kikubaaqudgha
Makhleb
Nemelex Xobeh
Okawaru
Qazlal
Ru
Sif Muna
Trog
Uskayaw
Vehumet
Wu Jian
Xom
Yredelemnul
Zin
The Shining One
Beogh
Jiyva
Lugonu


Innate Abilities, Weirdness & Mutations

You reflexively headbutt those who attack you in melee.
You have a pair of large horns on your head.
You are robust. (+10% HP)


Message History

* * * LOW HITPOINT WARNING * * *
The 11-headed hydra bites you.
* * * LOW HITPOINT WARNING * * *
The 11-headed hydra barely misses you. The 11-headed hydra closely misses you.
You slice one of the 11-headed hydra's heads off!
The ten-headed hydra grows two more!
You slash the 12-headed hydra! You headbutt the 12-headed hydra.
The 12-headed hydra is heavily wounded.
The 12-headed hydra closely misses you. You furiously retaliate!
You headbutt the 12-headed hydra!! You block the 12-headed hydra's attack.
The 12-headed hydra bites you but does no damage. x2
The 12-headed hydra bites you.
* * * LOW HITPOINT WARNING * * *
The 12-headed hydra bites you.
* * * LOW HITPOINT WARNING * * *
The 12-headed hydra bites you.
* * * LOW HITPOINT WARNING * * *
The 12-headed hydra bites you but does no damage. x3
The 12-headed hydra bites you.
You die...

▓▓▓▓▓▓▓▓▓▓▓▓▓▓▓▓▓▓▓▓▓▓▓▓▓▓▓▓▓▓▓▓▓
____________________'....)†...††'
▓▓▓▓▓▓▓▓▓▓▓▓▓▓▓▓▓▓▓▓▓▓▓▓▓▓▓▓▓▓▓▓▓
.................................
▓▓▓▓▓▓▓▓▓▓▓▓▓▓▓▓▓▓▓▓▓▓▓▓▓▓▓▓▓▓▓▓▓
..BlSYD@......(.....'...
▓▓▓▓▓▓▓▓▓▓▓▓▓▓▓▓▓▓▓▓▓▓▓▓


You could see a boulder beetle, a 12-headed hydra, a komodo dragon, a yak and a
water moccasin.

Vanquished Creatures
  A manticore (D)
  A komodo dragon (D)
  A shadow (D)
  A soldier ant (D)
  A water moccasin (D)
  A sky beast (D)
  A black bear (D)
  An ice beast (D)
  2 bullfrogs (D)
  A scorpion (D)
  A jelly (D)
  A hound (D)
  An orc priest (D)
  3 iguanas (D)
  A worker ant (D)
  An adder skeleton (D)
  A dart slug (D)
  An orc (D)
  A giant cockroach (D)
  A hobgoblin (D)
  A frilled lizard (D)
  A leopard gecko skeleton (D)
  A rat (D)
26 creatures vanquished.

Notes
Turn   | Place    | Note
-------+----------+-------------------------------------------
     0 | D        | mhtbhm the Minotaur Fighter began the quest for the Orb.
     0 | D        | Reached XP level 1. HP: 19/19 MP: 0/0
    18 | D        | Noticed an iguana
    18 | D        | Noticed an iguana
    18 | D        | Noticed an orc priest
    19 | D        | Killed an orc priest
    19 | D        | Reached skill level 5 in Fighting
    19 | D        | Reached skill level 4 in Long Blades
    19 | D        | Reached skill level 5 in Armour
    19 | D        | Reached skill level 5 in Shields
    19 | D        | Reached XP level 2. HP: 29/29 MP: 1/1
    19 | D        | Reached XP level 3. HP: 36/36 MP: 2/2
    34 | D        | Reached skill level 5 in Long Blades
    34 | D        | Reached XP level 4. HP: 25/44 MP: 3/3
    41 | D        | Found a roughly hewn altar of Beogh.
    41 | D        | Found a snail-covered altar of Cheibriados.
    41 | D        | Found a shadowy altar of Dithmenos.
    41 | D        | Found a white marble altar of Elyvilon.
    41 | D        | Found a blossoming altar of Fedhas.
    41 | D        | Found an opulent altar of Gozag.
    42 | D        | Found a hazy altar of Hepliaklqana.
    43 | D        | Found a viscous altar of Jiyva.
    44 | D        | Found an ancient bone altar of Kikubaaqudgha.
    45 | D        | Found a corrupted altar of Lugonu.
    46 | D        | Found a burning altar of Makhleb.
    47 | D        | Found a sparkling altar of Nemelex Xobeh.
    48 | D        | Found an iron altar of Okawaru.
    49 | D        | Found a stormy altar of Qazlal.
    50 | D        | Found a sacrificial altar of Ru.
    51 | D        | Found a shimmering blue altar of Sif Muna.
    52 | D        | Found a bloodstained altar of Trog.
    53 | D        | Found a hide-covered altar of Uskayaw.
    54 | D        | Found a radiant altar of Vehumet.
    55 | D        | Found an ornate altar of the Wu Jian Council.
    56 | D        | Found a shimmering altar of Xom.
    57 | D        | Found a basalt altar of Yredelemnul.
    62 | D        | Found a glowing silver altar of Zin.
    63 | D        | Found a glowing golden altar of the Shining One.
    94 | D        | Became a worshipper of Makhleb the Destroyer
   182 | D        | Noticed a black bear
   182 | D        | Noticed an ice beast
   182 | D        | Noticed a sky beast
   189 | D        | Killed a sky beast
   189 | D        | Reached skill level 6 in Long Blades
   189 | D        | Reached XP level 5. HP: 25/52 MP: 4/4
   196 | D        | Reached skill level 7 in Long Blades
   197 | D        | Reached * piety under Makhleb
   197 | D        | Reached skill level 1 in Dodging
   210 | D        | Killed an ice beast
   210 | D        | Reached skill level 8 in Long Blades
   210 | D        | Reached XP level 6. HP: 54/62 MP: 5/5
   221 | D        | Reached ** piety under Makhleb
   221 | D        | Reached skill level 9 in Long Blades
   282 | D        | Noticed a shadow
   282 | D        | Noticed a manticore
   282 | D        | Noticed a soldier ant
   287 | D        | Reached XP level 7. HP: 70/70 MP: 6/6
   294 | D        | Reached skill level 10 in Long Blades
   302 | D        | Killed a manticore
   302 | D        | Reached skill level 10 in Fighting
   302 | D        | Reached skill level 11 in Long Blades
   302 | D        | Reached skill level 10 in Armour
   302 | D        | Reached skill level 10 in Shields
   308 | D        | Killed a shadow
   308 | D        | Reached *** piety under Makhleb
   308 | D        | Reached skill level 12 in Long Blades
   308 | D        | Reached XP level 8. HP: 36/80 MP: 7/7
   583 | D        | Gained mutation: You have a pair of large horns on your
                  | head. [potion of mutation]
   583 | D        | Gained mutation: You are robust. (+10% HP) [potion of
                  | mutation]
   584 | D        | Noticed a seven-headed hydra
   584 | D        | Noticed a komodo dragon
   588 | D        | Noticed a boulder beetle
   593 | D        | Noticed a komodo dragon
   594 | D        | Reached **** piety under Makhleb
   599 | D        | Killed a komodo dragon
   599 | D        | Reached skill level 13 in Long Blades
   605 | D        | HP: 2/90 [12-headed hydra (6)]
   605 | D        | Slain by a 12-headed hydra

Illustrated notes

Levels and vault maps discovered:
D:        linesprint [early_d, line_temple, items_1, d_10, items_2, lair_1,
          lair_end, items_3, orc_1, orc_end, items_4, d_15, swamp_1, shoals_1,
          snake_1, spider_1, d_20, vaults_1, items_5, swamp_end, shoals_end,
          snake_end, spider_end, vaults_end, d_27, items_6, zot_1, zot_end,
          crypt_end, forest_end, elf_end, slime_end, tomb_end, abyss_end,
          pan_hell_end]

Skill      XL: |  1  2  3  4  5  6  7  8 |
---------------+-------------------------+-----
Fighting       | 5 6 7 8 9 10 11 | 11.0
Armour         | 5 6 7 8 9 10 11 | 11.1
Shields        | 5 6 7 8 9 10 11 | 11.4
Long Blades    | 4 5 6 8 9 12 13 | 13.2
Dodging        | 1 2 3 |  3.5
Stealth        | |  0.2
Evocations     | |  0.3

Action                   |  1- 3 |  4- 6 |  7- 9 || total
-------------------------+-------+-------+-------++-------
Melee: Long sword        |    22 |    38 |       ||    60
       Headbutt          |     6 |     9 |     9 ||    24
       Scimitar          |       |     5 |    43 ||    48
Evoke: Wand              |       |       |     2 ||     2
  Use: Potion            |     1 |     1 |     2 ||     4
Armor: Scale mail        |     3 |    17 |       ||    20
       Chain mail        |       |     3 |    26 ||    29
Dodge: Dodged            |     4 |     9 |    12 ||    25
Block: Kite shield       |     8 |    17 |    28 ||    53
       Rpst.: Long sword |     2 |     1 |       ||     3
       Scimitar          |       |     1 |     2 ||     3

Table legend: (Time is in decaauts)
 A = Elapsed time spent in this place.
 B = Non-inter-level travel time spent in this place.
 C = Inter-level travel time spent in this place.
 D = Time resting spent in this place.
 E = Time spent auto-exploring this place.
 F = Levels seen in this place.
 G = Mean time per level.
                   A        B        C        D        E       F      G
               +--------+--------+--------+--------+--------+-----+--------+
         Total |    604 |    604 |      0 |     75 |    216 |   1 |  604.0 |
       Dungeon |    604 |    604 |      0 |     75 |    216 |   1 |  604.0 |
               +--------+--------+--------+--------+--------+-----+--------+

Top non-repeatable levels by time:
       D: 604 daAuts
